NYP
MAHONING VALLEY SCRAPPERS @ VERMONT LAKE MONSTERS
04/25/2045
 
TOP OF THE 1ST
Mahoning Valley Scrappers batting - Pitching for Vermont Lake Monsters : LHP Shane Stratton
Pitching: LHP Shane Stratton
Batting: RHB Kaoru Toda 0-0: Ball
1-0: Ball
2-0: Called Strike
2-1: Called Strike
2-2: Strikes out swinging
Batting: RHB Carlos Lopez 0-0: Called Strike
0-1: Swinging Strike
0-2: Ground out U3 (Groundball, 34S, EV 89.4 MPH)
Batting: SHB Joe Zeiset 0-0: Called Strike
0-1: Ball
1-1: Ball
2-1: Foul Ball, location: 2F
2-2: Strikes out swinging
Top of the 1st over - 0 runs, 0 hits, 0 errors, 0 left on base; Mahoning Valley 0 - Vermont 0
BOTTOM OF THE 1ST
Vermont Lake Monsters batting - Pitching for Mahoning Valley Scrappers : LHP Heath Ryland
Pitching: LHP Heath Ryland
Batting: RHB Carlos Ballesteros 0-0: Ground out U3 (Groundball, 3, EV 86.9 MPH)
Batting: RHB Eduardo Chavez 0-0: Foul Ball, location: 2F
0-1: Called Strike
0-2: Foul Ball, location: 2F
0-2: Ground out 5-3 (Groundball, 56, EV 79.4 MPH)
Batting: RHB Jonathan Gallup 0-0: Called Strike
0-1: Swinging Strike
0-2: Ball
1-2: Foul Ball, location: 2F
1-2: Ball
2-2: Foul Ball, location: 2F
2-2: Foul Ball, location: 2F
2-2: Ball
3-2: Ground out 6-3 (Groundball, 6, EV 95.6 MPH)
Bottom of the 1st over - 0 runs, 0 hits, 0 errors, 0 left on base; Mahoning Valley 0 - Vermont 0
TOP OF THE 2ND
Mahoning Valley Scrappers batting - Pitching for Vermont Lake Monsters : LHP Shane Stratton
Batting: RHB Tommy Baird 0-0: Ball
1-0: Ball
2-0: SINGLE (Groundball, 34D, EV 99.4 MPH)
Batting: LHB Bobby Upton 0-0: Ball
Tommy Baird steals 2nd base (no throw)
1-0: Ball
2-0: Fly out, F7 (Flyball, 7LM, EV 99.4 MPH)
Batting: RHB Chris Diaz 0-0: Ball
1-0: Foul Ball, location: 2F
1-1: Ball
Tommy Baird steals 3rd, throwing error, E2
Tommy Baird scores
2-1: Ball
3-1: SINGLE (Flyball, 8RS, EV 89.4 MPH) - OUT at second base trying to stretch hit.
Batting: RHB Jeremy Givens 0-0: Ball
1-0: SINGLE (Groundball, 4MD, EV 87.5 MPH) (infield hit)
Batting: RHB Koen van Oort 0-0: Called Strike
0-1: Ball
1-1: Ball
2-1: Ball
3-1: Foul Ball, location: 2F
3-2: Base on Balls
Jeremy Givens to second
Batting: RHB Zach Robbins 0-0: Ground out 6-3 (Groundball, 6MS, EV 86.3 MPH)
Top of the 2nd over - 1 run, 3 hits, 1 error, 2 left on base; Mahoning Valley 1 - Vermont 0
BOTTOM OF THE 2ND
Vermont Lake Monsters batting - Pitching for Mahoning Valley Scrappers : LHP Heath Ryland
Batting: LHB Chance Stever 0-0: Called Strike
0-1: Foul Ball, location: 2F
0-2: Foul Ball, location: 2F
0-2: Foul Ball, location: 2F
0-2: Ball
1-2: Ball
2-2: Fly out, F9 (Flyball, 9S, EV 88.1 MPH)
Batting: LHB Juan Villafana 0-0: Ball
1-0: Ball
2-0: Called Strike
2-1: Foul Ball, location: 2F
2-2: Ball
3-2: DOUBLE (Line Drive, 78D, EV 109.4 MPH)
Batting: LHB Lee Gerken 0-0: Ball
Juan Villafana steals 3rd base (no throw)
1-0: Called Strike
1-1: Ball
2-1: Ball
3-1: Base on Balls
Batting: RHB Antonio Bautista 0-0: Called Strike
0-1: Foul Ball, location: 2F
0-2: Ball
1-2: Ball
2-2: Strikes out swinging
Batting: RHB Hidetada Iba 0-0: Foul Ball, location: 2F
0-1: Ground out 5-3 (Groundball, 56S, EV 83.1 MPH)
Bottom of the 2nd over - 0 runs, 1 hit, 0 errors, 2 left on base; Mahoning Valley 1 - Vermont 0
TOP OF THE 3RD
Mahoning Valley Scrappers batting - Pitching for Vermont Lake Monsters : LHP Shane Stratton
Batting: RHB Kaoru Toda 0-0: Ball
1-0: Foul Ball, location: 2F
1-1: Ball
2-1: Ground out 5-3 (Groundball, 56S, EV 86.9 MPH)
Batting: RHB Carlos Lopez 0-0: Foul Ball, location: 2F
0-1: Ball
1-1: Ball
2-1: Foul Ball, location: 2F
2-2: Ground out 6-3 (Groundball, 6S, EV 71.9 MPH)
Batting: SHB Joe Zeiset 0-0: Ball
1-0: Called Strike
1-1: Swinging Strike
1-2: Ball
2-2: Foul Ball, location: 2F
2-2: Foul Ball, location: 2F
2-2: Foul Ball, location: 2F
2-2: Ball
3-2: Strikes out swinging
Top of the 3rd over - 0 runs, 0 hits, 0 errors, 0 left on base; Mahoning Valley 1 - Vermont 0
BOTTOM OF THE 3RD
Vermont Lake Monsters batting - Pitching for Mahoning Valley Scrappers : LHP Heath Ryland
Batting: LHB Jonathan McDaniel 0-0: Called Strike
0-1: Swinging Strike
0-2: Foul Ball, location: 2F
0-2: Foul Ball, location: 2F
0-2: Ground out U3 (Groundball, 3S, EV 91.9 MPH)
Batting: RHB Carlos Ballesteros 0-0: Ball
1-0: SINGLE (Groundball, 4MD, EV 102.5 MPH)
Batting: RHB Eduardo Chavez Pickoff Throw to First - Error! E1
Carlos Ballesteros to second
0-0: Ball
1-0: Called Strike
1-1: 2-RUN HOME RUN (Flyball, 7LD, EV 93.8 MPH), Distance : 360 ft
Batting: RHB Jonathan Gallup 0-0: Ball
1-0: Called Strike
1-1: Ball
2-1: Ball
3-1: Base on Balls
Batting: LHB Chance Stever 0-0: Ball
1-0: Foul Ball, location: 2F
1-1: Ball
2-1: Ball
3-1: Base on Balls
Jonathan Gallup to second
Batting: LHB Juan Villafana 0-0: Fielders Choice at 2nd, 5-4 (Groundball, 56S, EV 82.5 MPH)
Jonathan Gallup to third
Batting: LHB Lee Gerken 0-0: Ball
1-0: Called Strike
1-1: Ball
2-1: Called Strike
2-2: Fly out, F9 (Flyball, 9S, EV 88.8 MPH)
Bottom of the 3rd over - 2 runs, 2 hits, 1 error, 2 left on base; Mahoning Valley 1 - Vermont 2
TOP OF THE 4TH
Mahoning Valley Scrappers batting - Pitching for Vermont Lake Monsters : LHP Shane Stratton
Batting: RHB Tommy Baird 0-0: Called Strike
0-1: Swinging Strike
0-2: Ball
1-2: Ball
2-2: Ball
3-2: Fly out, F9 (Line Drive, 9, EV 90.6 MPH)
Batting: LHB Bobby Upton 0-0: Foul Ball, location: 2F
0-1: Ball
1-1: Ball
2-1: Ball
3-1: SINGLE (Line Drive, 6D, EV 104.4 MPH)
Batting: RHB Chris Diaz 0-0: Ball
1-0: Called Strike
1-1: Ball
2-1: Ball
3-1: Base on Balls
Bobby Upton to second
Batting: RHB Jeremy Givens 0-0: Called Strike
Bobby Upton steals 3rd, throwing error, E2
Bobby Upton scores
Chris Diaz to third
0-1: Ball
1-1: SINGLE (Groundball, 34D, EV 95.6 MPH)
Chris Diaz scores
Batting: RHB Koen van Oort 0-0: Called Strike
0-1: Called Strike
0-2: Ball
Jeremy Givens is caught stealing 2nd base 2-4
1-2: Ball
2-2: Strikes out looking
Top of the 4th over - 2 runs, 2 hits, 1 error, 0 left on base; Mahoning Valley 3 - Vermont 2
BOTTOM OF THE 4TH
Vermont Lake Monsters batting - Pitching for Mahoning Valley Scrappers : LHP Heath Ryland
Batting: RHB Antonio Bautista 0-0: Ball
1-0: Ball
2-0: Foul Ball, location: 2F
2-1: Foul Ball, location: 2F
2-2: Foul Ball, location: 2F
2-2: Ball
3-2: Base on Balls
Batting: RHB Hidetada Iba 0-0: Called Strike
0-1: Ball
1-1: Swinging Strike
1-2: Strikes out swinging
Pitching: RHP Ken Shear
Batting: LHB Jonathan McDaniel 0-0: Called Strike
0-1: Ball
1-1: DOUBLE (Line Drive, 89D, EV 104.4 MPH)
Antonio Bautista to third
Batting: RHB Carlos Ballesteros 0-0: Ground out 1-3 (Groundball, 15S, EV 61.3 MPH)
Batting: RHB Eduardo Chavez 0-0: Ball
1-0: Swinging Strike
1-1: Foul Ball, location: 2F
1-2: Foul Ball, location: 2F
1-2: Strikes out swinging
Bottom of the 4th over - 0 runs, 1 hit, 0 errors, 2 left on base; Mahoning Valley 3 - Vermont 2
TOP OF THE 5TH
Mahoning Valley Scrappers batting - Pitching for Vermont Lake Monsters : LHP Shane Stratton
Batting: RHB Zach Robbins 0-0: Foul Ball, location: 2F
0-1: Ball
1-1: Ball
2-1: SINGLE (Flyball, 7LS, EV 96.9 MPH)
Batting: RHB Kaoru Toda 0-0: Called Strike
0-1: Swinging Strike
0-2: Strikes out swinging
Batting: RHB Carlos Lopez 0-0: DOUBLE (Flyball, 78XD, EV 95.6 MPH)
Zach Robbins to third
Batting: SHB Joe Zeiset 0-0: DOUBLE (Line Drive, 9LM, EV 105.0 MPH)
Zach Robbins scores
Carlos Lopez scores
Pitching: RHP Danny Levinger
Batting: RHB Tommy Baird 0-0: Ball
Joe Zeiset steals 3rd base
1-0: Ball
2-0: Ball
3-0: Called Strike
3-1: Base on Balls
Batting: LHB Bobby Upton 0-0: Called Strike
0-1: Ball
1-1: Ball
2-1: Fly out, F8 (Line Drive, 89M, EV 100.6 MPH)
Runner from 3rd tags up, SCORES, no throw by CF
Batting: RHB Chris Diaz 0-0: Ball
Tommy Baird steals 2nd base
1-0: Foul Ball, location: 2F
1-1: Foul Ball, location: 2F
1-2: Ground out 3-1 (Groundball, 34, EV 93.1 MPH)
Top of the 5th over - 3 runs, 3 hits, 0 errors, 1 left on base; Mahoning Valley 6 - Vermont 2
BOTTOM OF THE 5TH
Vermont Lake Monsters batting - Pitching for Mahoning Valley Scrappers : RHP Ken Shear
Batting: RHB Jonathan Gallup 0-0: Ball
1-0: Ball
2-0: Called Strike
2-1: Foul Ball, location: 2F
2-2: Ground out 5-3 (Groundball, 56, EV 80.0 MPH)
Batting: LHB Chance Stever 0-0: Ground out 5-3 (Groundball, 25, EV 90.6 MPH)
Batting: LHB Juan Villafana 0-0: Called Strike
0-1: Ball
1-1: Foul Ball, location: 2F
1-2: Ball
2-2: Ground out U3 (Groundball, 3, EV 93.8 MPH)
Bottom of the 5th over - 0 runs, 0 hits, 0 errors, 0 left on base; Mahoning Valley 6 - Vermont 2
TOP OF THE 6TH
Mahoning Valley Scrappers batting - Pitching for Vermont Lake Monsters : RHP Danny Levinger
Batting: RHB Jeremy Givens 0-0: Fly out, F7 (Flyball, 7LS, EV 90.0 MPH)
Batting: RHB Koen van Oort 0-0: Called Strike
0-1: Foul Ball, location: 2F
0-2: Ball
1-2: Ball
2-2: Strikes out swinging
Batting: RHB Zach Robbins 0-0: Ball
1-0: Called Strike
1-1: Foul Ball, location: 2F
1-2: Foul Ball, location: 2F
1-2: Strikes out swinging
Top of the 6th over - 0 runs, 0 hits, 0 errors, 0 left on base; Mahoning Valley 6 - Vermont 2
BOTTOM OF THE 6TH
Vermont Lake Monsters batting - Pitching for Mahoning Valley Scrappers : RHP Ken Shear
Batting: LHB Lee Gerken 0-0: Ball
1-0: Fly out, F7 (Flyball, 7S, EV 80.0 MPH)
Batting: RHB Antonio Bautista 0-0: Called Strike
0-1: Ball
1-1: Called Strike
1-2: Strikes out swinging
Batting: RHB Hidetada Iba 0-0: Swinging Strike
0-1: Ball
1-1: Swinging Strike
1-2: Ball
2-2: Ground out 5-3 (Groundball, 5S, EV 93.8 MPH)
Bottom of the 6th over - 0 runs, 0 hits, 0 errors, 0 left on base; Mahoning Valley 6 - Vermont 2
TOP OF THE 7TH
Mahoning Valley Scrappers batting - Pitching for Vermont Lake Monsters : RHP Danny Levinger
Batting: RHB Kaoru Toda 0-0: Ball
1-0: Foul Ball, location: 2F
1-1: Ball
2-1: Foul Ball, location: 2F
2-2: Foul Ball, location: 2F
2-2: Strikes out swinging
Batting: RHB Carlos Lopez 0-0: Ball
1-0: Ground out 5-3 (Groundball, 56, EV 98.8 MPH)
Batting: SHB Joe Zeiset 0-0: Ball
1-0: Foul Ball, location: 2F
1-1: Ball
2-1: Fly out, F9 (Flyball, 89M, EV 81.9 MPH)
Top of the 7th over - 0 runs, 0 hits, 0 errors, 0 left on base; Mahoning Valley 6 - Vermont 2
BOTTOM OF THE 7TH
Vermont Lake Monsters batting - Pitching for Mahoning Valley Scrappers : RHP Ken Shear
Pitching: RHP Howard Allen
Batting: LHB Jonathan McDaniel 0-0: Ball
1-0: Ball
2-0: Ball
3-0: Base on Balls
Batting: RHB Carlos Ballesteros 0-0: Called Strike
Jonathan McDaniel steals 2nd, throwing error, E2
Jonathan McDaniel to third
0-1: Fly out, F7 (Flyball, 78M, EV 73.8 MPH)
Batting: RHB Eduardo Chavez 0-0: DOUBLE (Flyball, 8LXD, EV 104.4 MPH)
Jonathan McDaniel scores
Batting: RHB Jonathan Gallup 0-0: Ball
Eduardo Chavez steals 3rd base
1-0: Swinging Strike
1-1: Ball
Wild Pitch!
Eduardo Chavez scores
2-1: Foul Ball, location: 2F
2-2: Foul Ball, location: 2F
2-2: Strikes out looking
Pitching: LHP Roberto Liza
Batting: LHB Chance Stever 0-0: Ground out U3 (Groundball, 34, EV 100.6 MPH)
Bottom of the 7th over - 2 runs, 1 hit, 1 error, 0 left on base; Mahoning Valley 6 - Vermont 4
TOP OF THE 8TH
Mahoning Valley Scrappers batting - Pitching for Vermont Lake Monsters : RHP Danny Levinger
Pitching: RHP Harry Barnes
Batting: RHB Tommy Baird 0-0: Foul Ball, location: 2F
0-1: Swinging Strike
0-2: Ground out 6-3 (Groundball, 6, EV 84.4 MPH)
Batting: LHB Bobby Upton 0-0: Foul Ball, location: 2F
0-1: Called Strike
0-2: Ball
1-2: Strikes out looking
Batting: RHB Chris Diaz 0-0: Called Strike
0-1: Ball
1-1: Ball
2-1: Fly out, F8 (Flyball, 8RS, EV 91.9 MPH)
Top of the 8th over - 0 runs, 0 hits, 0 errors, 0 left on base; Mahoning Valley 6 - Vermont 4
BOTTOM OF THE 8TH
Vermont Lake Monsters batting - Pitching for Mahoning Valley Scrappers : LHP Roberto Liza
Batting: LHB Juan Villafana 0-0: Ball
1-0: SINGLE (Flyball, 89S, EV 98.1 MPH)
Pinch Hitting: RHB Tony Moran 0-0: Foul Ball, location: 2F
0-1: Ball
1-1: Swinging Strike
1-2: Ball
2-2: Strikes out swinging
Batting: RHB Antonio Bautista 0-0: Ball
Wild Pitch!
Juan Villafana to second
1-0: Ball
2-0: Called Strike
2-1: Foul Ball, location: 2F
2-2: Strikes out looking
Batting: RHB Hidetada Iba 0-0: Foul Ball, location: 2F
0-1: Fly out, F8 (Flyball, 8LS, EV 81.9 MPH)
Bottom of the 8th over - 0 runs, 1 hit, 0 errors, 1 left on base; Mahoning Valley 6 - Vermont 4
TOP OF THE 9TH
Mahoning Valley Scrappers batting - Pitching for Vermont Lake Monsters : RHP Harry Barnes
Pitching: LHP David Noffsinger
Now at 1B: Tony Moran
Batting: RHB Jeremy Givens 0-0: Ball
1-0: Ball
2-0: Ball
3-0: Base on Balls
Batting: RHB Koen van Oort 0-0: Ball
1-0: Bunt missed!
1-1: Bunt - Flyout to 13! F1
Batting: RHB Zach Robbins 0-0: Called Strike
0-1: Called Strike
Jeremy Givens steals 2nd base
0-2: Strikes out swinging
Batting: RHB Kaoru Toda 0-0: Called Strike
0-1: Ball
1-1: Foul Ball, location: 2F
1-2: Foul Ball, location: 2F
1-2: Foul Ball, location: 2F
1-2: Foul Ball, location: 2F
1-2: Ball
2-2: Ball
3-2: Ground out 4-3 (Groundball, 4, EV 91.3 MPH)
Top of the 9th over - 0 runs, 0 hits, 0 errors, 1 left on base; Mahoning Valley 6 - Vermont 4
BOTTOM OF THE 9TH
Vermont Lake Monsters batting - Pitching for Mahoning Valley Scrappers : LHP Roberto Liza
Pitching: RHP Josh Hughes
Now at 1B: Norihide Takata
Now at 2B: Jose Mojica
Now at 3B: Manny Caldera
Now in LF: Nelson Trujillo
Batting: LHB Jonathan McDaniel 0-0: Called Strike
0-1: Fly out, F7 (Line Drive, 7, EV 93.1 MPH)
Batting: RHB Carlos Ballesteros 0-0: Ball
1-0: Called Strike
1-1: Fly out, F9 (Flyball, 9, EV 91.3 MPH)
Batting: RHB Eduardo Chavez 0-0: Called Strike
0-1: Ball
1-1: Swinging Strike
1-2: Ball
2-2: Strikes out swinging
Bottom of the 9th over - 0 runs, 0 hits, 0 errors, 0 left on base; Mahoning Valley 6 - Vermont 4
Wednesday, June 22nd , 2022 - OOTP Baseball 23.4 Build 64